Map: Frozen Temple

Players

llllllllllll - Winner!

  • Race: Protoss Protoss
  • League: Diamond

Dragonborn

  • Race: Terran Terran
  • League: Diamond

VOD

Have the link to the VOD?

Description

Time

  • Played on: July 15, 2016, 3:32 p.m.
  • Length: 14:28
Show
View Real Time Build Order
Export as new Build Order

llllllllllll Protoss - Winner!

Build Orders:  

Get SALT Encoding   

  12  0:03  Probe (Chrono Boost)  
  13  0:13  Probe (Chrono Boost)  
  14  0:24  Probe (Chrono Boost)  
  14  0:26  Pylon  
  15  0:44  Probe (Chrono Boost)  
  15  0:45  Gateway  
  16  0:50  Assimilator  
  16  0:54  Probe (Chrono Boost)  
  17  1:05  Probe (Chrono Boost)  
  18  1:11  Assimilator  
  18  1:15  Probe (Chrono Boost)  
  19  1:22  Pylon  
  19  1:26  Probe (Chrono Boost)  
  20  1:36  Cybernetics Core, Probe (Chrono Boost)  
  21  1:47  Probe (Chrono Boost)  
  22  1:58  Pylon, Probe (Chrono Boost)  
  23  2:04  Zealot  
  26  2:09  Pylon, Probe (Chrono Boost)  
  26  2:20  Mothership Core (Chrono Boost)  
  28  2:27  Gateway  
  28  2:30  Gateway  
  28  2:50  Stalker  
  30  2:53  Gateway  
  30  2:56  Gateway  
  28  3:27  Stalker x2  
  32  3:44  Stalker x2  
  36  3:51  Stalker  
  38  3:57  Stalker x2  
  42  4:06  Pylon  
  42  4:14  Stalker x2  
  46  4:27  Stalker x2  
  46  4:55  Stalker  
  32  5:45  Stalker  
  30  7:22  Probe (Chrono Boost)  
  28  8:20  Probe (Chrono Boost)  
  28  9:13  Probe (Chrono Boost)  
  18  10:36  Probe (Chrono Boost)  
  16  11:03  Probe (Chrono Boost)  
  13  12:56  Probe (Chrono Boost)  
  14  13:32  Probe (Chrono Boost)  
  15  13:43  Probe (Chrono Boost)  
  14  14:12  Probe (Chrono Boost)  
Show
View Real Time Build Order
Export as new Build Order

Dragonborn Terran 

Build Orders: 1/1/1, Banshee Rush 

Get SALT Encoding   

  12  0:01  SCV  
  13  0:13  SCV  
  14  0:18  Supply Depot  
  14  0:25  SCV  
  14  0:28  Refinery  
  15  0:42  Barracks  
  15  0:46  SCV  
  16  0:58  SCV  
  17  1:10  SCV  
  18  1:22  SCV  
  19  1:34  Marine, Orbital Command  
  19  1:39  Factory  
  20  1:48  Supply Depot  
  20  1:51  Marine  
  21  1:55  Refinery  
  22  2:01  SCV  
  22  2:09  Marine  
  22  2:13  SCV  
  24  2:26  Supply Depot  
  24  2:29  Starport  
  24  2:40  Widow Mine  
  24  2:42  Marine, SCV  
  28  3:00  Marine  
  29  3:17  Starport Tech Lab  
  29  3:18  SCV  
  30  3:23  Barracks Tech Lab  
  30  3:24  Barracks  
  30  3:28  Barracks  
  30  3:31  SCV  
  27  3:51  Cloaking Field, Banshee  
  27  3:53  SCV  
  27  3:54  Marauder  
  31  4:01  Bunker  
  31  4:05  SCV  
  32  4:16  Marauder  
  34  4:17  SCV  
  34  4:19  Marine x2  
  37  4:28  Supply Depot x2  
  37  4:37  Marauder  
  39  4:45  Marine x2  
  39  4:49  Banshee  
  41  4:58  Marine  
  41  5:03  Marine  
  11  5:47  Widow Mine  
  11  5:48  Banshee  
  15  6:40  Widow Mine  
  14  7:31  Supply Depot  
  10  8:26  Supply Depot  
Tags
 
Add a new tag
Caveats
  • Supply blocks, unpowered buildings, or Contaminate may cause inaccurate times.
  • Supply counts are checked every 10 seconds.